 Dungeon Crawl Stone Soup version 0.30.0-19-g36f170ea60 (webtiles) character file.

Game seed: 5768287009998822344

1425 Irreverend the Arsonist (level 8, -10/57 HPs)
             Began as a Hill Orc Fire Elementalist on May 29, 2023.
             Was a Believer of Vehumet.
             Killed from afar by Maggie (14 damage)
             ... with a bolt of fire
             ... on level 7 of the Dungeon.
             The game lasted 00:10:35 (5917 turns).

Irreverend the Arsonist (HOFE)                      Turns: 5917, Time: 00:10:35

Health: -10/57     AC:  8    Str: 11    XL:     8   Next: 72%
Magic:  10/13      EV: 13    Int: 17    God:    Vehumet [**....]
Gold:   344        SH:  0    Dex: 11    Spells: 8/14 levels left

rFire   . . .        (no weapon)
rCold   . . .        (no shield)
rNeg    . . .        a - +0 robe
rPois   .            B - +1 helmet
rElec   .            (no cloak)
rCorr   .            (no gloves)
SInv    .            (no boots)
Will    .....        e - amulet of magic regeneration
Stlth   ++           w - +4 ring of protection
HPRegen 0.29/turn    (no ring)
MPRegen 0.53/turn

%: no passive effects
@: no status effects
A: no striking features
a: Renounce Religion


You were on level 7 of the Dungeon.
You worshipped Vehumet.
Vehumet was pleased with you.
You visited 1 branch of the dungeon, and saw 7 of its levels.

You collected 344 gold pieces.

Inventory:

Armour
 a - a +0 robe (worn)
 B - a +1 helmet (worn)
Jewellery
 e - an amulet of magic regeneration (around neck)
 w - a +4 ring of protection (left hand)
Wands
 h - a wand of charming (15)
 q - a wand of flame (17)
Scrolls
 f - 2 scrolls of immolation {unknown}
 g - a scroll of enchant armour {unknown}
 l - 5 scrolls of teleportation
 m - 2 scrolls of blinking {unknown}
 r - 2 scrolls of magic mapping
 s - 2 scrolls of amnesia
 u - a scroll of silence {unknown}
 y - 2 scrolls of acquirement {unknown}
 z - 2 scrolls of fear {unknown}
 A - 2 scrolls of noise
 C - a scroll of butterflies {unknown}
Potions
 b - 4 potions of magic
 c - 3 potions of berserk rage
 d - 7 potions of degeneration
 i - 3 potions of mutation
 j - a potion of attraction {unknown}
 k - 3 potions of lignification
 n - 3 potions of ambrosia {unknown}
 o - a potion of brilliance {unknown}
 p - 6 potions of curing
 t - a potion of haste {unknown}
 v - a potion of resistance {unknown}
 x - 5 potions of might {unknown}


   Skills:
 + Level 4.1 Dodging
 - Level 1.5 Stealth
 + Level 3.8 Spellcasting
 - Level 2.0 Conjurations
 + Level 3.9 Hexes
 * Level 8.1 Fire Magic


You had 8 spell levels left.
You knew the following spells:

 Your Spells              Type           Power      Damage    Failure   Level
a - Foxfire               Conj/Fire      80%        2x1d8     1%          1
b - Scorch                Fire           60%        2d8       1%          2
c - Inner Flame           Hex/Fire       23%        N/A       4%          3

Your spell library contained the following spells:

 Spells                   Type           Power      Damage    Failure   Level
 Searing Ray              Conj           20%        2d5       11%         2
 Volatile Blastmotes      Fire/Tloc      34%        2d12      9%          3
 Flame Wave               Conj/Fire      20%        2d7       21%         4
 Hailstorm                Conj/Ice       6%         3d4       32%         3
 Ice Form                 Ice/Tmut       3%         N/A       85%         4
 Simulacrum               Ice/Necr       1%         N/A       100%        6


Dungeon Overview and Level Annotations

Branches:
Dungeon (7/15)             Temple (0/1) D:6

Altars:
Dithmenos
Hepliaklqana
Makhleb
Nemelex Xobeh
Qazlal
Vehumet
The Shining One

Shops:
D:6 *

Annotations:
D:7 Maggie


Message History

The orc wizard flickers and vanishes!
Deactivating autopickup; reactivate with Ctrl-A.
Casting: Foxfire (safe; 1% risk of failure)
Confirm with . or Enter, or press ? or * to list all spells.
Flames lash the orc.
The orc resists.
The orc is severely wounded.
The orc's fire resistance burns away.
You hear a shout!
Casting: Scorch (safe; 1% risk of failure)
Confirm with . or Enter, or press ? or * to list all spells.
Flames lash the orc.
You kill the orc!
Vehumet accepts your kill.
A puff of flame appears from out of thin air!
The puff of flame hits you!
Maggie the Vainglorious comes into view.
She is wielding a +2 halberd of flaming.
An orc comes into view. It is wielding a +0 club.
Casting: Scorch (safe; 1% risk of failure)
Confirm with . or Enter, or press ? or * to list all spells.
Aiming: Inner Flame (dangerous; 4% risk of failure)
Press: ? - help, Dir - move target, f - orc
Aim: an orc, wielding a +0 hand axe (chance to affect: 89%)
The orc is filled with an inner flame.
Your magical contamination has completely faded away.
The orc attacks as you move away! The orc closely misses you.
The orc attacks as you move away! The orc barely misses you.
The orc attacks as you move away! The orc barely misses you.
Maggie casts a spell at you.
The bolt of fire hits the orc!
The orc dies!
The bolt of fire hits the orc!!
The bolt of fire hits you!
The orc explodes!
The fiery explosion engulfs you!!!
Ouch! That really hurt!
* * * LOW HITPOINT WARNING * * *
You hear a shout!
There is a stone staircase leading up here.
Maggie points at you and mumbles some strange words.
The bolt of fire hits you!
You die...

#.# #.# # #.# #.#
## #.# ..# #. #.#
+## #. ####.# #..
#####....## #.#
#######...# #.
......#.#..## #
≈._.§.#.##.@# .
≈.§.≈.#.###<#######
≈≈§≈≈.#...§§§......
..§...#..#.§§######
#+++###.......####
.....##..........
####......@o......
###.......#####
###.)..##


You could see Maggie and an orc.

Vanquished Creatures
  A water moccasin (D:6)
  An orc warrior (D:6)
  2 black bears (D:5)
  An ice beast (D:6)
  A kobold brigand (D:7)
  A bullfrog (D:6)
  3 scorpions (D:6)
  A howler monkey (D:6)
  7 hounds
  A jelly (D:4)
  2 orc priests
  A sleepcap (D:5)
  An iguana (D:7)
  2 orc wizards
  Robin (D:3)
  6 gnolls
  4 adders
  2 white imps (D:7)
  2 worms (D:3)
  2 dart slugs
  16 orcs
  7 ball pythons
  A bat (D:2)
  4 endoplasms
  3 giant cockroaches
  13 goblins
  11 hobgoblins
  A quokka (D:1)
  6 frilled lizards
  8 kobolds
  2 rats
114 creatures vanquished.

Vanquished Creatures (others)
  2 orcs (D:7)
  403 foxfires
405 creatures vanquished.

Grand Total: 519 creatures vanquished

Notes
Turn   | Place    | Note
-------+----------+-------------------------------------------
     0 | D:1      | Irreverend the Hill Orc Fire Elementalist began the quest
                  | for the Orb.
     0 | D:1      | Reached XP level 1. HP: 14/14 MP: 3/3
   414 | D:1      | Reached XP level 2. HP: 20/20 MP: 1/4
   465 | D:1      | Learned a level 2 spell: Scorch
   996 | D:2      | Found a radiant altar of Vehumet.
  1008 | D:2      | Became a worshipper of Vehumet
  1034 | D:2      | Reached XP level 3. HP: 26/26 MP: 2/5
  1215 | D:2      | Found a faded altar of an unknown god.
  1369 | D:2      | Reached skill level 4 in Fire Magic
  1489 | D:3      | Noticed Robin
  1503 | D:3      | Killed Robin
  1504 | D:3      | Reached XP level 4. HP: 29/33 MP: 1/7
  1800 | D:3      | Learned a level 3 spell: Inner Flame
  2303 | D:4      | Reached XP level 5. HP: 38/38 MP: 3/8
  2306 | D:4      | Reached * piety under Vehumet
  2306 | D:4      | Offered knowledge of Shock by Vehumet.
  2410 | D:4      | Reached skill level 5 in Fire Magic
  2429 | D:4      | Reached skill level 1 in Hexes
  2648 | D:4      | Reached XP level 6. HP: 45/45 MP: 6/9
  2705 | D:4      | Found a large runed translucent door.
  2707 | D:4      | Found a large runed translucent door.
  3039 | D:4      | Found a hazy altar of Hepliaklqana.
  3300 | D:4      | Found a glowing golden altar of the Shining One.
  3303 | D:4      | Found a shadowy altar of Dithmenos.
  3353 | D:5      | Entered Level 5 of the Dungeon
  3936 | D:5      | Noticed a black bear
  3949 | D:5      | Killed a black bear
  3950 | D:5      | Reached skill level 6 in Fire Magic
  3950 | D:5      | Reached XP level 7. HP: 18/50 MP: 6/11
  4746 | D:6      | Found a burning altar of Makhleb.
  4869 | D:6      | Found Ceyprawn's CLEARANCE SALE!.
  4922 | D:6      | Found a sparkling altar of Nemelex Xobeh.
  5001 | D:6      | Reached skill level 7 in Fire Magic
  5001 | D:6      | Reached XP level 8. HP: 57/57 MP: 8/12
  5154 | D:6      | Found a staircase to the Ecumenical Temple.
  5336 | D:6      | Offered knowledge of Searing Ray by Vehumet.
  5585 | D:6      | Reached ** piety under Vehumet
  5782 | D:7      | Reached skill level 8 in Fire Magic
  5878 | D:7      | Found a stormy altar of Qazlal.
  5910 | D:7      | Noticed Maggie
  5917 | D:7      | Killed from afar by Maggie

Illustrated notes

Levels and vault maps discovered:
D:1:      heliophobic_arrival_henge, layout_basic, minmay_unequal
D:2:      layout_basic, basic_altar, basic_ecumenical_altar
D:3:      layout_basic, wad_floor_pattern_2, uniq_robin
D:4:      layout_gridville, nicolae_hepliaklqana_hippocampus,
          jmf_multi_god_temple2
D:5:      layout_loops_ring
D:6:      layout_cave_pools, nemelex_xobeh_ov_fountains_minmay, bloody_makhleb,
          minmay_temple_entry_mini_moons, nicolae_shop_clearance
D:7:      layout_rooms, nicolae_sif_muna_little_library,
          mainiacjoe_overflow_six_doors_small, mainiacjoe_overflow_alcove_4,
          grunt_ogre_cave, hangedman_abyss_or_decor_passed, minivault_26,
          kennysheep_windowed_goal, uniq_maggie

Skill      XL: |  1  2  3  4  5  6  7  8 |
---------------+-------------------------+-----
Fire Magic     | 4 5 6 7 8 |  8.1
Dodging        | 2 3 4 |  4.1
Spellcasting   | 2 3 |  3.8
Conjurations   | 2 |  2.0
Hexes          | 1 2 3 |  3.9
Stealth        | |  1.5

Action                     |  1- 3 |  4- 6 |  7- 9 || total
---------------------------+-------+-------+-------++-------
   Cast: Foxfire           |    71 |    86 |    83 ||   240
         Scorch            |     2 |    30 |    32 ||    64
         Inner Flame       |       |       |     4 ||     4
    Use: Scroll            |       |       |     9 ||     9
 Armour: Robe              |     5 |     9 |    19 ||    33
  Dodge: Dodged            |     8 |    17 |    33 ||    58
